 Dungeon Crawl Stone Soup version 0.20.1-1-g8b1a95d (webtiles) character file.

37 rabbitfr the Sneak (level 3, 0/23 HPs)
             Began as an Octopode Transmuter on Dec 14, 2017.
             Slain by an ice beast (3 damage)
             ... on level 3 of the Dungeon.
             The game lasted 00:08:26 (1701 turns).

rabbitfr the Sneak (Octopode Transmuter)            Turns: 1701, Time: 00:08:27

Health: 0/23       AC:  1    Str:  9    XL:     3   Next: 39%
Magic:  6/6        EV: 13    Int: 15    God:
Gold:   105        SH:  0    Dex: 13    Spells: 5/6 levels left

rFire    . . .     SeeInvis .   r - -2 dagger
rCold    . . .     Gourm    .   (no shield)
rNeg     . . .     Faith    .   (helmet restricted)
rPois    .         Spirit   .   (no amulet)
rElec    .         Reflect  .   (no ring)
rCorr    .         Harm     .   (no ring)
MR       .....                  (no ring)
Stlth    ++++......             (no ring)
Regen    0.1/turn               (no ring)
MPRegen  0.1/turn               (no ring)
                                (no ring)
                                (no ring)

@: no status effects
A: almost no armour, stealthy swim, amphibious, 8 rings, constrict 8, camouflage
1, gelatinous body 1
a: no special abilities


You were on level 3 of the Dungeon.
You were not hungry.

You visited 1 branch of the dungeon, and saw 3 of its levels.

You collected 105 gold pieces.

Inventory:

Hand Weapons
 h - a +0 short sword
 r - a -2 dagger (weapon)
Missiles
 a - 34 arrows
 o - 57 stones (quivered)
Jewellery
 l - an uncursed ring of resist corrosion
Scrolls
 k - 2 scrolls of identify
 p - a scroll of recharging
Potions
 d - a potion of ambrosia {unknown}
 e - a potion of curing {unknown}
 f - a potion of brilliance {unknown}
 i - a potion of invisibility {unknown}
Books
 b - a book of Changes

   Spells                             Type                      Level
   a - Beastly Appendage              Transmutation                1
   b - Sticks to Snakes               Transmutation                2
   c - Spider Form                    Transmutation/Poison         3
   d - Ice Form                       Ice/Transmutation            4
   e - Blade Hands                    Transmutation                5
Comestibles
 c - 3 bread rations
 g - a royal jelly
 j - 3 fruits
 m - 2 meat rations


   Skills:
 - Level 1.0 Fighting
 - Level 2.0 Dodging
 + Level 4.3 Stealth
 - Level 3.0 Unarmed Combat
 - Level 2.0 Spellcasting
 - Level 2.0 Transmutations


You had 5 spell levels left.
You knew the following spells:

 Your Spells              Type           Power        Failure   Level  Hunger
a - Beastly Appendage     Tmut           #.....       10%         1    #......


Dungeon Overview and Level Annotations

Branches:
Dungeon (3/15)

Altars:


Innate Abilities, Weirdness & Mutations

You cannot wear most types of armour.
You are very stealthy in the water. (Stealth+)
You are amphibious.
You can wear up to eight rings at the same time.
You can use your tentacles to constrict eight enemies at once.
Your skin changes colour to match your surroundings (Stealth+).
Your rubbery body absorbs attacks. (AC +1, EV +1)


Message History

The ice beast is lightly wounded.
The ice beast hits you. The ice beast freezes you!
Ouch! That really hurt!
* * * LOW HITPOINT WARNING * * *
You hit the ice beast but do no damage.
The ice beast is lightly wounded.
The ice beast hits you but does no damage.
You closely miss the ice beast.
The ice beast is lightly wounded.
The ice beast misses you.
You hit the ice beast but do no damage. You squeeze the ice beast.
The ice beast is moderately wounded.
The ice beast closely misses you.
You hit the ice beast. Your squeeze misses the ice beast.
The ice beast is moderately wounded.
The ice beast barely misses you.
You hit the ice beast but do no damage.
The ice beast is moderately wounded.
The ice beast hits you.
You die...

... #.. #.. #..
## # #. #..
.##.# #.#.. ...
###....##.######
$.....Y@........
###..#.#<.###..
# #.#..# #.#..#
..#..# ......
#..#..## #..#.##
#.#


You could see an ice beast.

Vanquished Creatures
  A worm (D:1)
  A leopard gecko (D:2)
  4 giant cockroaches
  6 goblins
  3 hobgoblins
  2 jackals (D:2)
  4 bats
  A frilled lizard (D:1)
  6 kobolds
  3 rats
31 creatures vanquished.

Notes
Turn   | Place    | Note
-------+----------+-------------------------------------------
     0 | D:1      | rabbitfr the Octopode Transmuter began the quest for the Orb.
     0 | D:1      | Reached XP level 1. HP: 13/13 MP: 3/3
    56 | D:1      | Reached skill level 1 in Stealth
   151 | D:1      | Reached skill level 2 in Stealth
   199 | D:1      | Reached XP level 2. HP: 9/18 MP: 5/5
   732 | D:1      | Reached skill level 3 in Stealth
  1035 | D:2      | Reached XP level 3. HP: 21/23 MP: 6/6
  1062 | D:2      | Reached skill level 4 in Stealth
  1691 | D:3      | Noticed an ice beast
  1701 | D:3      | Slain by an ice beast

Skill      XL: |  1  2  3 |
---------------+----------+-----
Stealth        | 2 3 4 |  4.3
Fighting       | |  1.0
Dodging        | |  2.0
Unarmed Combat | |  3.0
Spellcasting   | |  2.0
Transmutations | |  2.0

Action                   || total
-------------------------++-------
Melee: Unarmed           ||    12
       Short sword       ||    33
       Constrict         ||    13
       Tentacles         ||    15
       Punch             ||     3
       Dagger            ||    37
Throw: Stone             ||     2
  Use: Scroll            ||     6
 Stab: Sleeping          ||    11
  Eat: Chunk             ||     2
Armor: Skin              ||     8
Dodge: Dodged            ||    46
